 Dungeon Crawl Stone Soup version 0.31-a0-702-gf82c85558f (webtiles) character file.

Game seed: 12489588628758771449

413 qw the Shooter (level 6, -1/38 HPs)
             Began as a Gargoyle Hunter on Sept 8, 2023.
             Slain by an orc priest
             ... wielding a +0 flail
              (7 damage)
             ... on level 4 of the Dungeon.
             The game lasted 00:01:17 (3170 turns).

qw the Shooter (Gargoyle Hunter)                    Turns: 3170, Time: 00:01:18

Health: -1/38      AC: 10    Str: 14      XL:     6   Next: 90%
Magic:  6/6        EV: 10    Int:  9 (10) God:
Gold:   205        SH:  0    Dex: 15      Spells: 5/5 levels left

rFire   . . .        Y - +2 shortbow
rCold   . . .        (shield currently unavailable)
rNeg    + . .        e - +0 ring mail
rPois   inf          (no helmet)
rElec   +            j - +0 cloak
rCorr   .            (no gloves)
SInv    .            (no boots)
Will    .....        c - amulet of faith
Stlth   +            (no ring)
HPRegen 0.26/turn    (no ring)
MPRegen 0.10/turn

%: faith
@: no status effects
A: sickness immunity, AC +4, negative energy resistance 1, electricity
resistance, torment resistance 1, petrification resistance
a: no special abilities


You were on level 4 of the Dungeon.
You visited 1 branch of the dungeon, and saw 4 of its levels.

You collected 205 gold pieces.


Innate Abilities, Weirdness & Mutations

You are immune to sickness and miasma.
Your stone body is resilient. (AC +4)
You are immune to poison.
You resist negative energy. (rN+)
You are resistant to electric shocks. (rElec)
You are resistant to unholy torment.
You are immune to petrification.


   Skills:
 - Level 4.1 Fighting
 + Level 7.1 Ranged Weapons
 - Level 1.0 Armour
 - Level 1.5 Dodging
 - Level 1.1 Stealth


You had 5 spell levels left.
You didn't know any spells.
Your spell library was empty.

Inventory:

Hand Weapons
 Y - a +2 shortbow (weapon)
Armour
 e - a +0 ring mail (worn)
 f - a +0 pair of boots
 j - a +0 cloak (worn)
Jewellery
 c - an amulet of faith (around neck)
 i - an amulet of the acrobat
Scrolls
 a - a scroll of identify
Potions
 b - a potion of enlightenment {unknown}
 g - 2 potions of curing {unknown}
 h - a potion of ambrosia {unknown}
 k - a potion of might {unknown}
 l - a potion of attraction {unknown}

Dungeon Overview and Level Annotations

Branches:
Dungeon (4/15)
 Temple: D:4-7

Altars:


Message History

The puff of flame hits you!
3162 ||| DRINKING 2 potions of heal wounds.
You feel much better.
The orc wizard hits you but does no damage.
The orc priest casts a cantrip, but nothing happens.
You shoot an arrow. The arrow barely misses the orc wizard.
The arrow hits the endoplasm.
You kill the endoplasm!
The orc wizard hits you but does no damage.
The orc priest casts a cantrip, but nothing happens.
The orc priest mumbles some strange prayers to Beogh against you.
Beogh smites you!
The orc wizard hits you but does no damage.
You shoot an arrow. The arrow hits the orc wizard.
You kill the orc wizard!
The orc priest invokes the aid of Beogh against you.
Pain shoots through your body!
3165 ||| DRINKING potion of heal wounds.
You feel much better.
The orc priest calls down the wrath of Beogh upon you.
Beogh smites you! The orc hits you but does no damage.
You shoot an arrow. The arrow hits the orc.
The orc is severely wounded.
The orc priest calls down the wrath of Beogh upon you.
Beogh smites you! The orc hits you with a +0 club.
You shoot an arrow. The arrow hits the orc!
You kill the orc!
You shoot an arrow.
The arrow hits the orc priest but does no damage.
The orc priest hits you but does no damage.
You shoot an arrow.
The arrow closely misses the orc priest.
The arrow barely misses the orc priest.
The orc priest barely misses you.
The orc priest looks encouraged for a moment.
The orc priest hits you with a +0 flail.
You shoot an arrow.
The arrow hits the orc priest but does no damage.
The orc priest hits you with a +0 flail!
You die...

o. #.#..#######... #o
#.#..# #... #. #.#..# ####
#. #.#..# #
##5###.#####.#..##########
..........##.#..##.......)
##.......o...#..##.#######
.......##o####..##.### #
#########@####.......# #
##.................#####
##.#.###.#######<.[.....#
##.###.##.# #....###.#
#.## ##...# ####.# #.#
##.###.#### .# #.# #..#.##
.# #.# ###.#.#### .# #.#
#...#....# #.#


You could see 2 orc priests.

Vanquished Creatures
  2 scorpions (D:4)
  Jessica (D:2)
  An iguana (D:4)
  An orc wizard (D:4)
  8 adders
  3 gnolls (D:4)
  A worm (D:3)
  A dart slug (D:3)
  8 orcs
  12 ball pythons
  5 bats
  9 endoplasms
  6 giant cockroaches
  5 goblins
  7 hobgoblins
  7 jackals
  9 kobolds
  4 quokkas
  2 frilled lizards
  8 rats
100 creatures vanquished.

Notes
Turn   | Place    | Note
-------+----------+-------------------------------------------
     0 | D:1      | qw the Gargoyle Hunter began the quest for the Orb.
     0 | D:1      | Reached XP level 1. HP: 12/12 MP: 1/1
     0 | D:1      | 0 ||| qw: Version: 0.3-a-76-g4403597
     0 | D:1      | 0 ||| qw: Game counter: 965
     0 | D:1      | 0 ||| qw: Melee chars always use a shield: true
     0 | D:1      | 0 ||| qw: God list: Okawaru
     0 | D:1      | 0 ||| qw: Allow faded altars: false
     0 | D:1      | 0 ||| qw: Do Orc after clearing Dungeon:15 true
     0 | D:1      | 0 ||| qw: Do second Lair branch before Depths: true
     0 | D:1      | 0 ||| qw: Lair rune preference: random
     0 | D:1      | 0 ||| qw: Goals: Normal
     0 | D:1      | 0 ||| PLANNING D:1-11
   130 | D:1      | Reached XP level 2. HP: 7/17 MP: 2/2
   307 | D:1      | Found a faded altar of an unknown god.
   350 | D:1      | Reached XP level 3. HP: 15/21 MP: 3/3
   444 | D:1      | Reached skill level 5 in Ranged Weapons
   732 | D:1      | 732 ||| UPGRADING to +0 ring mail.
   742 | D:1      | 742 ||| DROPPING +0 leather armour.
   743 | D:1      | 743 ||| READING scroll labelled APSIZI MANA.
   744 | D:1      | 744 ||| READING scroll labelled PITORU NAXIAP.
   749 | D:1      | 749 ||| READING scroll labelled MAMIGA IVVEAPT.
   750 | D:1      | 750 ||| DROPPING scroll of butterflies.
   794 | D:2      | Reached skill level 1 in Armour
  1285 | D:2      | Reached XP level 4. HP: 27/27 MP: 4/4
  1314 | D:2      | Reached skill level 3 in Fighting
  1329 | D:2      | Noticed Jessica
  1335 | D:2      | Killed Jessica
  1582 | D:2      | 1582 ||| UPGRADING to +0 cloak.
  1587 | D:2      | 1587 ||| UPGRADING to amulet of faith.
  1592 | D:2      | 1592 ||| READING scroll labelled GAWNYSKOJE.
  1593 | D:2      | 1593 ||| READING 2 scrolls labelled VISUTS NIPU.
  1594 | D:2      | 1594 ||| READING scroll of enchant weapon.
  1594 | D:2      | 1594 ||| ENCHANTING +1 shortbow.
  1595 | D:2      | 1595 ||| READING scroll labelled YGRENA MITINT.
  1596 | D:2      | 1596 ||| READING scroll labelled OJOANY ZIVO.
  1597 | D:2      | 1597 ||| DRINKING 3 smoky black potions.
  1598 | D:2      | 1598 ||| DRINKING 2 white potions.
  1599 | D:2      | 1599 ||| DROPPING potion of degeneration.
  1867 | D:3      | Reached XP level 5. HP: 32/32 MP: 5/5
  2479 | D:3      | 2479 ||| READING scroll labelled FITUTANOIFI.
  2480 | D:3      | 2480 ||| READING 2 scrolls of identify.
  2480 | D:3      | 2480 ||| IDENTIFYING ruby potion
  2481 | D:3      | 2481 ||| DROPPING potion of berserk rage.
  2527 | D:4      | Reached skill level 6 in Ranged Weapons
  2550 | D:4      | Reached XP level 6. HP: 30/38 MP: 6/6
  2893 | D:4      | Reached skill level 7 in Ranged Weapons
  3139 | D:4      | 3139 ||| RETREATING.
  3145 | D:4      | 3145 ||| Stepping ~*~*~tactically~*~*~ (outnumbered).
  3149 | D:4      | 3149 ||| Stepping ~*~*~tactically~*~*~ (retreating).
  3152 | D:4      | 3152 ||| Stepping ~*~*~tactically~*~*~ (retreating).
  3153 | D:4      | 3153 ||| Stepping ~*~*~tactically~*~*~ (retreating).
  3161 | D:4      | HP: 1/38 [orc wizard/puff of flame (11)]
  3162 | D:4      | 3162 ||| DRINKING 2 potions of heal wounds.
  3165 | D:4      | 3165 ||| DRINKING potion of heal wounds.
  3166 | D:4      | HP: 8/38 [orc priest/divine providence (12)]
  3170 | D:4      | Slain by an orc priest

Levels and vault maps discovered:
D:1:      heliophobic_arrival_glass_houses, layout_basic,
          shapermc_ecumenical_altar_mp_highgroup, minmay_box_of_dots
D:2:      layout_loops_corners, uniq_jessica
D:3:      layout_loops_corners
D:4:      layout_loops_ring, grunt_ministairs_1, st_stairs_11

Skill      XL: |  1  2  3  4  5  6 |
---------------+-------------------+-----
Ranged Weapons | 5 6 7 |  7.1
Armour         | 1 |  1.0
Fighting       | 3 4 |  4.1
Dodging        | |  1.5
Stealth        | |  1.1

Action                     |  1- 3 |  4- 6 || total
---------------------------+-------+-------++-------
   Fire: Shortbow          |   100 |   218 ||   318
    Use: Scroll            |     3 |     7 ||    10
         Potion            |       |     4 ||     4
 Armour: Leather armour    |    16 |       ||    16
         Ring mail         |     5 |    87 ||    92
  Dodge: Dodged            |    16 |    77 ||    93

Table legend:
 A = Non-vault XP
 B = Vault XP
 C = Vault XP percentage of total XP
 D = Non-vault monster count
 E = Vault monster count
 F = Vault count percentage of total count
                 A         B        C        D         E       F
            +---------+---------+-------+---------+---------+-------
      Total |     499 |      91 |  15.4 |      90 |      10 |  10.0
            +---------+---------+-------+---------+---------+-------
        D:1 |      50 |       3 |   5.7 |      28 |       2 |   6.7
        D:2 |      44 |      37 |  45.7 |      12 |       1 |   7.7
        D:3 |      81 |       0 |   0.0 |      23 |       0 |   0.0
        D:4 |     324 |      51 |  13.6 |      27 |       7 |  20.6
            +---------+---------+-------+---------+---------+-------
